 Dungeon Crawl Stone Soup version 0.30.1-11-g7821555f0a (webtiles) character file.

Game seed: 16912546785779654335

32 Groucho the Vexing (level 3, 0/14 HPs)
             Began as a Felid Enchanter on Nov 20, 2023.
             Slain by Jessica
             ... wielding a +0 hand axe
              (10 damage)
             ... on level 2 of the Dungeon.
             The game lasted 00:04:06 (2109 turns).

Groucho the Vexing (Felid Enchanter)                Turns: 2109, Time: 00:04:06

Health: 0/14       AC:  1    Str:  4    XL:     3   Next: 8%
Magic:  1/7        EV: 18    Int: 18    God:
Gold:   89         SH:  0    Dex: 16    Spells: 4/6 levels left
                                        Lives:  0   Deaths: 0

rFire   . .          .
                       - Unarmed
rCold   . . .        (shield unavailable)
rNeg    . . .        (body armour unavailable)
rPois   .            (helmet unavailable)
rElec   .            (cloak unavailable)
rCorr   .            (gloves unavailable)
SInv    +            (boots unavailable)
Will    .....        (no amulet)
Stlth   +++          (no ring)
HPRegen 0.22/turn    (no ring)
MPRegen 0.10/turn

%: no passive effects
@: quick
A: very small, claws 1, fangs 3, see invisible, speed 1, shaggy fur 1, stealthy
paws, no weapons or thrown items, no armour, multi-lived
a: no special abilities


You were on level 2 of the Dungeon.
You visited 1 branch of the dungeon, and saw 2 of its levels.

You collected 89 gold pieces.

Inventory:

Wands
 f - a wand of digging (8)
Scrolls
 c - 3 scrolls of teleportation {unknown}
 d - a scroll of brand weapon {unknown}
 g - a scroll of noise {unknown}
 h - 2 scrolls of identify {unknown}
 i - a scroll of enchant armour {unknown}
Potions
 a - a potion of invisibility
 b - a potion of curing {unknown}
 e - a potion of mutation {unknown}


   Skills:
 + Level 3.3 Dodging
 + Level 4.3 Stealth
 + Level 1.4 Unarmed Combat
 + Level 2.2 Spellcasting
 * Level 0.4 Conjurations
 + Level 4.8 Hexes


You had 4 spell levels left.
You knew the following spells:

 Your Spells              Type           Power      Damage    Failure   Level
a - Ensorcelled Hibernat  Hex/Ice        20%        N/A       10%         2

Your spell library contained the following spells:

 Spells                   Type           Power      Damage    Failure   Level
 Confusing Touch          Hex            19%        N/A       8%          3
 Tukima's Dance           Hex            19%        N/A       8%          3
 Dazzling Flash           Conj/Hex       22%        N/A       19%         3


Dungeon Overview and Level Annotations

Branches:
Dungeon (2/15)

Altars:

Annotations:
D:2 Jessica, Terence


Innate Abilities, Weirdness & Mutations

You have sharp claws.
You have razor-sharp teeth.
You have supernaturally acute eyesight. (SInv)
You cover ground quickly. (Speed+)
You are covered in fur. (AC +1)
Your paws help you pounce on unaware monsters.
You are incapable of wielding weapons or throwing items.
You cannot wear armour.
You gain extra lives every three experience levels.


Message History

You now have 89 gold pieces (gained 8).
There is a stone staircase leading down here.
You see here a bat corpse.
i - a scroll labelled PEISEG BEDEUREK A rat comes into view.
A rat is nearby!
A rat is nearby!
You barely miss the rat. You bite the rat, but do no damage.
The rat completely misses you.
You closely miss the rat. The rat barely misses you.
You scratch the rat.
You kill the rat!
No target in view!
No target in view!
Found a +0 dagger.
h - 2 scrolls labelled ODE UMNEERO (gained 1)
Found a stone staircase leading up.
You see here a +0 dagger.
Jessica is nearby!
Jessica is nearby!
Jessica is nearby!
Aiming: Ensorcelled Hibernation (safe; 10% risk of failure)
Press: ? - help, Q - select action Shift-Dir - straight line, f - Jessica
Aim: Jessica, wielding a +0 hand axe and wearing a +0 robe (wandering, hasn't noticed you, chance to affect: 52%) Jessica shouts!
Jessica resists with significant effort.
Unknown command.
Aiming: Ensorcelled Hibernation (safe; 10% risk of failure)
Press: ? - help, Q - select action Shift-Dir - straight line, f/p - Jessica
Aim: Jessica, wielding a +0 hand axe and wearing a +0 robe (chance to affect: 52%) Jessica resists with significant effort.
Jessica hits you with a +0 hand axe.
Unknown command.
Aiming: Ensorcelled Hibernation (safe; 10% risk of failure)
Press: ? - help, Q - select action Shift-Dir - straight line, f/p - Jessica
Aim: Jessica, wielding a +0 hand axe and wearing a +0 robe (chance to affect: 52%) Jessica resists with significant effort.
Jessica hits you with a +0 hand axe!
Ouch! That really hurt!
You die...

#. #.# # #.# .# #.# .#
#####.###.# ###
..........#....
######....@......
....<....@..#
........###......
####....#########
#...........
#####...################
.......)................
.####.#.######.......###..
#..................'...
#####.######.......###


You could see Jessica.

Vanquished Creatures
  A worm (D:2)
  A dart slug (D:2)
  3 ball pythons (D:1)
  5 bats
  2 endoplasms (D:1)
  4 hobgoblins
  2 kobolds (D:1)
  A quokka (D:1)
  2 frilled lizards (D:1)
  7 rats
28 creatures vanquished.

Notes
Turn   | Place    | Note
-------+----------+-------------------------------------------
     0 | D:1      | Groucho the Felid Enchanter began the quest for the Orb.
     0 | D:1      | Reached XP level 1. HP: 7/7 MP: 4/4
    84 | D:1      | Reached XP level 2. HP: 9/11 MP: 6/6
   187 | D:1      | Found a faded altar of an unknown god.
   222 | D:2      | Noticed Jessica
   281 | D:1      | Learned a level 2 spell: Ensorcelled Hibernation
  1122 | D:2      | Reached XP level 3. HP: 14/14 MP: 5/7
  1212 | D:2      | Noticed Terence
  2109 | D:2      | Slain by Jessica

Illustrated notes

Levels and vault maps discovered:
D:1:      heliophobic_arrival_glass_houses, layout_basic,
          hellmonk_ecumenical_altar_pennies_from_heaven, minmay_crystal_room
D:2:      layout_basic, basic_altar, uniq_jessica, uniq_terence

Skill      XL: |  1  2 |
---------------+-------+-----
Dodging        | 3 |  3.3
Stealth        | |  4.3
Unarmed Combat | |  1.4
Spellcasting   | |  2.2
Conjurations   | |  0.4
Hexes          | |  4.8

Action                     || total
---------------------------++-------
  Melee: Unarmed           ||    79
         Bite              ||     7
         Punch             ||     2
   Cast: Ensorcelled Hiber ||    19
    Use: Potion            ||     1
   Stab: Sleeping          ||     9
         Invisible         ||     1
 Armour: Skin              ||     6
  Dodge: Dodged            ||    71
